 Seeded DCSS version 0.29-a0-356-g7bc237e783 (webtiles) character file.

Game seed: 13387057801375688922 (custom seed)

14 zeratav the Conjurer (level 2, 17/17 HPs)
             Began as an Octopode Conjurer on Apr 25, 2022.
             Quit the game on level 1 of the Dungeon.
             The game lasted 00:00:52 (455 turns).

zeratav the Conjurer (Octopode Conjurer)             Turns: 455, Time: 00:00:53

Health: 17/17      AC:  1    Str:  6    XL:     2   Next: 45%
Magic:  5/5        EV: 13    Int: 20    God:
Gold:   17         SH:  0    Dex: 10    Spells: 4/5 levels left

rFire   . . .      SeeInvis .   d - +0 dagger {short}
rCold   . . .      Faith    .   (no shield)
rNeg    . . .      Spirit   .   (helmet restricted)
rPois   .          Reflect  .   (no amulet)
rElec   .          Harm     .   (no ring)
rCorr   .          Rampage  .   (no ring)
Will    .....                   (no ring)
Stlth   +++.......              (no ring)
HPRegen 0.05/turn               (no ring)
MPRegen 0.09/turn               (no ring)
                                (no ring)
                                (no ring)

@: no status effects
A: almost no armour, amphibious, 8 rings, camouflage 1, gelatinous body 1,
(nimble swimmer 1), tentacles
a: no special abilities


You were on level 1 of the Dungeon.
You visited 1 branch of the dungeon, and saw 1 of its levels.

You collected 17 gold pieces.


Innate Abilities, Weirdness & Mutations

You cannot wear most types of armour.
You are amphibious.
You can wear up to eight rings at the same time.
Your skin changes colour to match your surroundings (Stealth+).
Your rubbery body absorbs attacks. (AC +1, EV +1)
((You are camouflaged when in or above water. (Stealth+)))
You have tentacles for arms and can constrict up to eight enemies at once.


   Skills:
 - Level 2.0 Dodging
 - Level 2.6 Stealth
 + Level 2.3 Spellcasting
 * Level 4.4 Conjurations


You had 4 spell levels left.
You knew the following spells:

 Your Spells              Type           Power      Damage    Failure   Level
a - Magic Dart            Conj           80%        1d7       2%          1

Your spell library contained the following spells:

 Spells                   Type           Power      Damage    Failure   Level
 Searing Ray              Conj           40%        2d5       3%          2
 Sandblast                Erth           4%         2d4       16%         1
 Dazzling Flash           Conj/Hex       22%        N/A       19%         3
 Stone Arrow              Conj/Erth      22%        3d8       19%         3
 Passwall                 Tmut/Erth      1%         N/A       24%         2
 Fulminant Prism          Conj/Hex       5%         3d7       52%         4
 Iskenderun's Mystic Bla  Conj/Tloc      11%        2d4       52%         4

Inventory:

Hand Weapons
 d - a +0 dagger (weapon) {short}
   (You took it off a goblin on level 1 of the Dungeon)
Missiles
 f - 18 stones {throwing}
Scrolls
 b - 2 scrolls of teleportation {unknown}
 e - a scroll of acquirement
 h - a scroll of enchant weapon {unknown}
Potions
 a - a potion of magic
 c - 2 potions of curing {unknown}
 g - a potion of heal wounds {unknown}

Dungeon Overview and Level Annotations

Branches:
Dungeon (1/15)

Altars:

#...)....[.#
.####.≈.≈.P.≈..#
....#.≈...PP≈..#
#...≈.#P#.≈..#
###.⌠.#.#P⌠..#
#.⌠.#_#.≈..##
#.≈.###.⌠...##
#####.≈..†..≈....##
......P≈≈.P⌠≈...@.#
#####.............#
..............#
#####..........#
#..........#
###.......##
...J..... .........


You could see an endoplasm.


Message History

MP[+1] Unknown command.
f - 16 stones {throwing} A rat comes into view.
MP[+1]
Your mp is fully restored (5).
A rat is nearby!
The magic dart hits the rat.
You kill the rat!
MP[-1]
You lost 1 mp, and now have 4/5 mp.
You can't see any susceptible monsters within range! (Use Z to cast anyway.)
You can't see any susceptible monsters within range! (Use Z to cast anyway.)
You pick up a book of Geomancy and begin reading...
You add the spells Sandblast, Passwall and Stone Arrow to your library.
MP[+1]
Your mp is fully restored (5).
g - a dark potion A kobold comes into view.
It is wielding a +0 club.
Found a stone staircase leading down.
The magic dart hits the kobold.
You kill the kobold!
MP[-1]
You lost 1 mp, and now have 4/5 mp.
You can't see any susceptible monsters within range! (Use Z to cast anyway.)
You can't see any susceptible monsters within range! (Use Z to cast anyway.)
An endoplasm comes into view.
MP[+1]
Your mp is fully restored (5).
The magic dart hits the endoplasm but does no damage.
The endoplasm quivers.
MP[-1]
You lost 1 mp, and now have 4/5 mp.
The magic dart hits the endoplasm.
MP[-1]
You lost 1 mp, and now have 3/5 mp.
You can't see any susceptible monsters within range! (Use Z to cast anyway.)
You can't see any susceptible monsters within range! (Use Z to cast anyway.)
An endoplasm is nearby!
The magic dart hits the endoplasm.
You kill the endoplasm!
MP[-1]
You lost 1 mp, and now have 2/5 mp.
You can't see any susceptible monsters within range! (Use Z to cast anyway.)
You can't see any susceptible monsters within range! (Use Z to cast anyway.)
f - 18 stones {throwing} (gained 2)
You see here a +0 club {mace}.
MP[+3]
Your mp is fully restored (5).
b - 2 scrolls labelled KOFEITAKUA (gained 1)
There is a stone staircase leading down here.
A frilled lizard and a rat come into view.
There are monsters nearby!
The magic dart hits the rat.
You kill the rat!
MP[-1]
You lost 1 mp, and now have 4/5 mp.
You can't see any susceptible monsters within range! (Use Z to cast anyway.)
You can't see any susceptible monsters within range! (Use Z to cast anyway.) 2 endoplasms come into view.
The frilled lizard hisses angrily.
A goblin comes into view. It is wielding a +0 club.
The magic dart hits the frilled lizard.
You kill the frilled lizard!
The endoplasm quivers.
MP[-1]
You lost 1 mp, and now have 3/5 mp.
The magic dart hits the endoplasm.
MP[-1]
You lost 1 mp, and now have 2/5 mp.
The magic dart hits the endoplasm.
MP[-1]
You lost 1 mp, and now have 1/5 mp.
The magic dart hits the endoplasm.
MP[-1]
You lost 1 mp, and now have 0/5 mp.
You hit the endoplasm.
You kill the endoplasm!
A goblin is nearby!
A goblin is nearby!
A goblin is nearby!
You are too depleted to draw on your mana recklessly!
You are too depleted to draw on your mana recklessly!
A frilled lizard comes into view.
MP[+1]
The helpless goblin fails to defend itself.
You puncture the goblin!
You kill the goblin!
Found a faded altar of an unknown god.
The helpless frilled lizard fails to defend itself.
You hit the frilled lizard.
You kill the frilled lizard!
No target in view!
h - a scroll labelled NEN UCINALEQE MP[+4]
Your mp is fully restored (5).
You see here a +0 leather armour.
The endoplasm quivers.
This is a scroll of acquirement!
Are you sure you want to abandon this character and quit the game? (Confirm with "yes".)

Action                   || total
-------------------------++-------
Melee: Dagger            ||     3
 Cast: Magic Dart        ||    21
 Stab: Sleeping          ||     2

Levels and vault maps discovered:
D:1:      saegor_arrival_fortress, layout_rooms,
          shapermc_ecumenical_altar_acropolis, hangedman_decor_riveting

Notes
Turn   | Place    | Note
-------+----------+-------------------------------------------
     0 | D:1      | zeratav the Octopode Conjurer began the quest for the Orb.
     0 | D:1      | Reached XP level 1. HP: 11/11 MP: 3/3
     0 | D:1      | magus.rc [v1.9.6]
   182 | D:1      | Reached XP level 2. HP: 17/17 MP: 1/5
   287 | D:1      | You pick up a book of Geomancy and begin reading...
   287 | D:1      | You add the spells Sandblast, Passwall and Stone Arrow to
                  | your library.
   398 | D:1      | Found a faded altar of an unknown god.
   455 | D:1      | Identified a scroll of acquirement
   455 | D:1      | Quit the game

Vanquished Creatures
  A ball python (D:1)
  2 endoplasms (D:1)
  A giant cockroach (D:1)
  3 goblins (D:1)
  4 frilled lizards (D:1)
  A kobold (D:1)
  3 rats (D:1)
15 creatures vanquished.

Table legend:
 A = Non-vault XP
 B = Vault XP
 C = Vault XP percentage of total XP
 D = Non-vault monster count
 E = Vault monster count
 F = Vault count percentage of total count
                 A         B        C        D         E       F
            +---------+---------+-------+---------+---------+-------
      Total |      21 |       0 |   0.0 |      15 |       0 |   0.0
            +---------+---------+-------+---------+---------+-------
        D:1 |      21 |       0 |   0.0 |      15 |       0 |   0.0
            +---------+---------+-------+---------+---------+-------

Illustrated notes

Table legend:
 A = Kills in this place as a percentage of kills in entire the game.
 B = Kills by you in this place as a percentage of kills by you in the entire game.
 C = Kills by friends in this place as a percentage of kills by friends in the entire game.
 D = Other kills in this place as a percentage of other kills in the entire game.
 E = Experience gained in this place as a percentage of experience gained in the entire game.
 F = Experience gained in this place divided by the number of levels of this place that you have seen.
                   A       B       C       D       E      F
               +-------+-------+-------+-------+-------+----------------------
         Total | 100.0 | 100.0 |   N/A |   N/A | 100.0 |  21.0
       Dungeon | 100.0 | 100.0 |   N/A |   N/A | 100.0 |  21.0
               +-------+-------+-------+-------+-------+----------------------

Table legend: (Time is in decaauts)
 A = Elapsed time spent in this place.
 B = Non-inter-level travel time spent in this place.
 C = Inter-level travel time spent in this place.
 D = Time resting spent in this place.
 E = Time spent auto-exploring this place.
 F = Levels seen in this place.
 G = Mean time per level.
                   A        B        C        D        E       F      G
               +--------+--------+--------+--------+--------+-----+--------+
         Total |    454 |    443 |     11 |      0 |    385 |   1 |  454.0 |
       Dungeon |    454 |    443 |     11 |      0 |    385 |   1 |  454.0 |
               +--------+--------+--------+--------+--------+-----+--------+

Top non-repeatable levels by time:
     D:1: 454 daAuts
